 Dungeon Sprint DCSS version 0.30-a0-802-gb92711bcdf (webtiles) character file.

Game seed: 9490566177120716508

1100000 BigDaddyOpFi the Nimble (level 13, 0/99 HPs)
             Began as a Djinni Warper on Feb 23, 2023.
             Was a Believer of Makhleb.
             Slain by a bag of meat
             ... wielding a +9 war axe
              (27 damage)
             ... in the Dungeon (Sprint VIII: "Arena of Blood").
             The game lasted 00:00:16 (11 turns).

BigDaddyOpFi the Nimble (Djinni Warper)               Turns: 11, Time: 00:00:16

Health: 0/99       AC:  4    Str: 10    XL:     13   Next: 12%
Gold:   0          EV: 19    Int: 15    God:    Makhleb [**....] SH:  0 Dex: 18

rFire   + + .      SeeInvis .    h - +∞ Axe of Woe
rCold   x . .      Faith    .    (shield currently unavailable)
rNeg    . . .      Spirit   .    a - +0 leather armour
rPois   ∞          Reflect  .    (no helmet)
rElec   .          Harm     .    (no cloak)
rCorr   .          Rampage  .    (no gloves)
Will    +....      NoTele   +    (boots unavailable)
Stlth   ++++                     (no amulet)
HPRegen 0.36/turn                (no ring)
MPRegen 0.00/turn                (no ring)

@: flying
A: sickness immunity, fire resistance 2, cold vulnerability 1, float, innate
caster, HP casting, extra vitality 1
a: Renounce Religion, Minor Destruction


You were in the Dungeon.
You worshipped Makhleb.
Makhleb was pleased with you.
You visited 1 branch

Inventory:

Hand Weapons
 h - the +∞ Axe of Woe (weapon)
   (You found it in the Dungeon)
Missiles
 c - 7 boomerangs of dispersal (quivered)
Armour
 a - a +0 leather armour (worn)
Scrolls
 b - 2 scrolls of blinking
Potions
 d - a potion of curing
 e - a potion of heal wounds
 f - a potion of haste
 g - a potion of berserk rage


   Skills:
 + Level 11.5 Fighting
 + Level 9.4 Axes
 + Level 9.5 Throwing
 + Level 11.3 Armour
 + Level 12.4 Dodging
 + Level 10.3 Stealth
 + Level 11.4 Unarmed Combat
 + Level 9.1 Spellcasting
 + Level 11.3 Invocations


You knew the following spells:

 Your Spells              Type           Power      Damage    Failure   Level
a - Blink                 Tloc           68%        N/A       1%          2
b - Lesser Beckoning      Tloc           68%        N/A       1%          2
c - Vhi's Electric Charg  Tloc/Air       68%        N/A       1%          3
d - Teleport Other        Tloc           34%        N/A       1%          3
e - Manifold Assault      Tloc           34%        N/A       3%          4
f - Sting                 Tmut/Pois      100%       1d8       1%          1
g - Wereblood             Tmut           34%        N/A       1%          2
h - Searing Ray           Conj           68%        2d6       1%          2
i - Leda's Liquefaction   Hex/Erth       17%        N/A       3%          4
j - Summon Ice Beast      Ice/Summ       34%        N/A       3%          4
k - Lee's Rapid Deconstr  Erth           17%        3d10*     9%          5
Your spell library was empty.

Dungeon Overview and Level Annotations

Branches:
Dungeon (1/1)

Altars:
Makhleb


Innate Abilities, Weirdness & Mutations

You are immune to sickness and miasma.
You are immune to poison.
Your flesh is very heat resistant. (rF++)
You are vulnerable to cold. (rC-)
You float through the air rather than walking.
You learn spells naturally, not from books.
Your magical power is your life essence.
You have superior vitality. (+4 MHP)


Message History

You feel better.
You hear a shout! x6
A bag of meat comes into view. It is wielding a +9 war axe. x2
You hear a shout! x9
Your Fighting skill gained 2 levels and is now at level 11!
Your Axes skill gained 2 levels and is now at level 9!
Your Throwing skill gained 2 levels and is now at level 9!
Your Armour skill gained 2 levels and is now at level 11!
Your Dodging skill gained 2 levels and is now at level 12!
Your Stealth skill gained 2 levels and is now at level 10!
Your Unarmed Combat skill gained 2 levels and is now at level 11!
Your Spellcasting skill gained 2 levels and is now at level 9!
Your Invocations skill gained 2 levels and is now at level 11!
You have reached level 12!
You feel agile.
You have reached level 13!
The power to cast Lee's Rapid Deconstruction wells up from within.
Spell assigned to 'k'.
The bag of meat shouts! x2
You hit the bag of meat but do no damage.
You butcher the bag of meat messily.
You kill the bag of meat!
Makhleb accepts your kill.
You slash the bag of meat!
You cleave the bag of meat in twain.
You kill the bag of meat!
Makhleb accepts your kill.
You can now harness Makhleb's destructive might.
The bag of meat appears out of thin air!
A bag of meat comes into view. It is wielding a +9 war axe.
You hear a shout! x8
A large bag of meat comes into view. It is wielding a +9 giant spiked club.
A bag of meat comes into view. It is wielding a +9 war axe.
You hear a shout!
The meat berserker hits you with a +9 battleaxe!!!!
Ouch! That really hurt!
* * * LOW HITPOINT WARNING * * *
You hear a shout! x2
A bag of meat comes into view. It is wielding a +9 war axe.
The bag of meat hits you with a +9 war axe!!
You die...

.. ..... #..
...# #.. ...# .
.###.. ...###..
......###......
......_.....
#o....# #_)o._#
#.o@).#
......._O......
......###......
.###.. ...###..
#.. ...# . #.
..o# o. ....o
.o ..


You could see a meat berserker (berserk) and 7 bags of meat.

Vanquished Creatures
  5 orcs (D)
5 creatures vanquished.

Notes
Turn   | Place    | Note
-------+----------+-------------------------------------------
     0 | D        | Found the +∞ Axe of Woe
     0 | D        | BigDaddyOpFi the Djinni Warper began the quest for the Orb.
     0 | D        | BigDaddyOpFi set off with the following spells memorised:
                  | Blink, Lesser Beckoning, Vhi's Electric Charge, Teleport
                  | Other, Manifold Assault.
     0 | D        | Reached XP level 1. HP: 18/18 MP: 0/0
     2 | D        | Noticed a bag of meat
     3 | D        | Noticed a bag of meat
     4 | D        | Became a worshipper of Makhleb the Destroyer
     4 | D        | Noticed a bag of meat
     5 | D        | Noticed a bag of meat
     5 | D        | Noticed a bag of meat
     6 | D        | Noticed a bag of meat
     8 | D        | Noticed a bag of meat
     8 | D        | Noticed a meat berserker
     9 | D        | Killed a bag of meat
     9 | D        | Noticed a bag of meat
    10 | D        | Reached skill level 10 in Dodging
    10 | D        | Reached XP level 2. HP: 29/34 MP: 0/0
    10 | D        | Reached XP level 3. HP: 33/39 MP: 0/0
    10 | D        | Learned a level 1 spell: Sting
    10 | D        | Reached XP level 4. HP: 38/45 MP: 0/0
    10 | D        | Reached XP level 5. HP: 42/50 MP: 0/0
    10 | D        | Learned a level 2 spell: Wereblood
    10 | D        | Reached XP level 6. HP: 47/56 MP: 0/0
    10 | D        | Reached XP level 7. HP: 52/61 MP: 0/0
    10 | D        | Learned a level 2 spell: Searing Ray
    10 | D        | Reached XP level 8. HP: 57/67 MP: 0/0
    10 | D        | Reached XP level 9. HP: 61/72 MP: 0/0
    10 | D        | Learned a level 4 spell: Leda's Liquefaction
    10 | D        | Reached XP level 10. HP: 66/78 MP: 0/0
    10 | D        | Reached XP level 11. HP: 71/84 MP: 0/0
    10 | D        | Learned a level 4 spell: Summon Ice Beast
    10 | D        | Killed a bag of meat
    10 | D        | Reached * piety under Makhleb
    10 | D        | Killed a bag of meat
    10 | D        | Noticed a bag of meat
    10 | D        | Noticed a bag of meat
    11 | D        | Reached skill level 12 in Dodging
    11 | D        | Reached skill level 10 in Stealth
    11 | D        | Reached XP level 12. HP: 94/94 MP: 0/0
    11 | D        | Reached XP level 13. HP: 99/99 MP: 0/0
    11 | D        | Learned a level 5 spell: Lee's Rapid Deconstruction
    11 | D        | Killed a bag of meat
    11 | D        | Killed a bag of meat
    11 | D        | Reached ** piety under Makhleb
    11 | D        | Noticed a large bag of meat
    11 | D        | Noticed a bag of meat
    11 | D        | Noticed a bag of meat
    11 | D        | Slain by a bag of meat

Illustrated notes

Levels and vault maps discovered:
D:        meatsprint

Skill      XL: |  1  2  3  4  5  6  7  8  9 10 11 |
---------------+----------------------------------+-----
Fighting       | 9 11 | 11.5
Axes           | 7 9 |  9.4
Throwing       | 7 9 |  9.5
Armour         | 9 11 | 11.3
Dodging        | 10 12 | 12.4
Stealth        | 8 10 | 10.3
Unarmed Combat | 9 11 | 11.4
Spellcasting   | 7 9 |  9.1
Invocations    | 9 11 | 11.3

Action                     |  1- 3 |  4- 6 |  7- 9 | 10-12 | 13-15 || total
---------------------------+-------+-------+-------+-------+-------++-------
  Melee: Executioner's axe |     1 |       |       |     1 |     1 ||     3

Table legend: (Time is in decaauts)
 A = Elapsed time spent in this place.
 B = Non-inter-level travel time spent in this place.
 C = Inter-level travel time spent in this place.
 D = Time resting spent in this place.
 E = Time spent auto-exploring this place.
 F = Levels seen in this place.
 G = Mean time per level.
                   A        B        C        D        E       F      G
               +--------+--------+--------+--------+--------+-----+--------+
         Total |     11 |     11 |      0 |      0 |      0 |   1 |   11.0 |
       Dungeon |     11 |     11 |      0 |      0 |      0 |   1 |   11.0 |
               +--------+--------+--------+--------+--------+-----+--------+

Top non-repeatable levels by time:
       D: 11 daAuts
